 Dungeon Crawl Stone Soup version 0.28.0-43-g3370ac3207 (webtiles) character file.

Game seed: 11636933932681365284

4 Cykl0x the Digger (level 1, 0/10 HPs)
             Began as a Gargoyle Earth Elementalist on Mar 6, 2022.
             Slain by a jackal (1 damage)
             ... on level 1 of the Dungeon.
             The game lasted 00:00:26 (52 turns).

Cykl0x the Digger (Gargoyle Earth Elementalist)       Turns: 52, Time: 00:00:27

Health: 0/10       AC:  4    Str: 11    XL:     1   Next: 60%
Magic:  0/3        EV: 12    Int: 15    God:
Gold:   15         SH:  0    Dex: 10    Spells: 3/4 levels left

rFire   . . .      SeeInvis .   (no weapon)
rCold   . . .      Faith    .   (no shield)
rNeg    + . .      Spirit   .   b - +0 robe
rPois   ∞          Reflect  .   (no helmet)
rElec   +          Harm     .   (no cloak)
rCorr   .          Rampage  .   (no gloves)
Will    .....                   (no boots)
Stlth   ++........              (no amulet)
HPRegen 0.03/turn               (no ring)
MPRegen 0.08/turn               (no ring)

@: no status effects
A: sickness immunity, AC +2, negative energy resistance 1, electricity
resistance, torment resistance 1, petrification resistance
a: no special abilities


You were on level 1 of the Dungeon.
You visited 1 branch of the dungeon, and saw 1 of its levels.

You collected 15 gold pieces.

Inventory:

Missiles
 c - 25 stones
Armour
 b - a +0 robe (worn)


   Skills:
 + Level 1.6 Dodging
 - Level 2.1 Stealth
 + Level 2.0 Spellcasting
 * Level 0.2 Conjurations
 - Level 0.7 Transmutations
 + Level 3.8 Earth Magic


You had 3 spell levels left.
You knew the following spells:

 Your Spells              Type           Power      Damage    Failure   Level
a - Sandblast             Erth           26%        2d8       4%          1

Your spell library contained the following spells:

 Spells                   Type           Power      Damage    Failure   Level
 Passwall                 Tmut/Erth      6%         N/A       13%         2
 Stone Arrow              Conj/Erth      14%        3d7       28%         3
 Petrify                  Tmut/Erth      8%         N/A       65%         4


Dungeon Overview and Level Annotations

Branches:
Dungeon (1/15)

Altars:


Innate Abilities, Weirdness & Mutations

You are immune to sickness and miasma.
Your stone body is resilient. (AC +2)
You are immune to poison.
You resist negative energy. (rN+)
You are resistant to electric shocks. (rElec)
You are resistant to unholy torment.
You are immune to petrification.


Message History

The jackal is almost dead.
The jackal barks!
The jackal bites you.
The blast of sand hits the jackal!
You kill the jackal!
The blast of sand hits the bat.
You kill the bat!
The rat twitches its whiskers.
You are too depleted to draw on your mana recklessly!
The jackal bites you. The jackal bites you. The jackal closely misses you.
The jackal bites you.
* * * LOW HITPOINT WARNING * * *
Casting: Sandblast (safe; 4% risk of failure)
Confirm with . or Enter, or press ? or * to list all spells.
Aiming: Sandblast (safe; 4% risk of failure)
Press: ? - help, Shift-Dir - straight line, f - jackal
Aim: a jackal (74% to hit)
The blast of sand misses the jackal.
The blast of sand hits the hobgoblin.
You kill the hobgoblin!
The jackal barely misses you.
Unknown command.
Found 24 gold pieces.
The jackal bites you.
* * * LOW HITPOINT WARNING * * *
You aren't carrying any potions.
The jackal barely misses you.
You see here 11 gold pieces.
The jackal misses you. The jackal barely misses you. The jackal misses you.
Casting: Sandblast (safe; 4% risk of failure)
Confirm with . or Enter, or press ? or * to list all spells.
Aiming: Sandblast (safe; 4% risk of failure)
Press: ? - help, Shift-Dir - straight line, f/p - jackal
Aim: a jackal (74% to hit)
The blast of sand misses the jackal.
The jackal barely misses you.
Unknown command.
The jackal bites you.
You die...

#.............#
######.#.######
... ###### #...#
.... ##...r###.#.#
##..##..##...#...#
#........###.#.#.#
$.........##.#...#
...........#.#.>.#
#.....?.$#..@#...#
#....>...###h#.#.#
.........r.#r#...#
................##
#........########
##..##..## ### ###


You could see a quokka and a jackal.

Vanquished Creatures
  A bat (D:1)
  A hobgoblin (D:1)
  A jackal (D:1)
3 creatures vanquished.

Notes
Turn   | Place    | Note
-------+----------+-------------------------------------------
     0 | D:1      | Cykl0x the Gargoyle Earth Elementalist began the quest for
                  | the Orb.
     0 | D:1      | Reached XP level 1. HP: 10/10 MP: 3/3
    52 | D:1      | Slain by a jackal

Illustrated notes

Levels and vault maps discovered:
D:1:      lemuel_arrival_hallway, layout_basic, columned_hall_lemuel,
          st_stairs_5

Action                   || total
-------------------------++-------
 Cast: Sandblast         ||     5
Dodge: Dodged            ||     7
